 Dungeon Crawl Stone Soup version 0.31-a0-182-gc5ef74bbde (webtiles) character file.

Game seed: 10321349987762723678

118 qw the Chopper (level 5, -3/32 HPs)
             Began as a Gargoyle Fighter on June 21, 2023.
             Killed from afar by an orc wizard (9 damage)
             ... with a puff of flame
             ... on level 3 of the Dungeon.
             The game lasted 00:00:57 (1899 turns).

qw the Chopper (Gargoyle Fighter)                   Turns: 1899, Time: 00:00:57

Health: -3/32      AC: 15    Str: 21    XL:     5   Next: 2%
Magic:  5/5        EV:  5    Int:  9    God:
Gold:   117        SH:  4    Dex:  9    Spells: 4/4 levels left

rFire   . . .        Y - +0 war axe
rCold   . . .        c - +0 buckler
rNeg    + . .        h - +0 plate armour
rPois   inf          (no helmet)
rElec   +            (no cloak)
rCorr   .            (no gloves)
SInv    .            (no boots)
Will    .....        (no amulet) Stlth
                     (no ring)
HPRegen 0.25/turn    (no ring)
MPRegen 0.09/turn

%: no passive effects
@: no status effects
A: sickness immunity, AC +4, negative energy resistance 1, electricity
resistance, torment resistance 1, petrification resistance
a: no special abilities


You were on level 3 of the Dungeon.
You visited 1 branch of the dungeon, and saw 3 of its levels.

You collected 117 gold pieces.


Innate Abilities, Weirdness & Mutations

You are immune to sickness and miasma.
Your stone body is resilient. (AC +4)
You are immune to poison.
You resist negative energy. (rN+)
You are resistant to electric shocks. (rElec)
You are resistant to unholy torment.
You are immune to petrification.


   Skills:
 - Level 3.2 Fighting
 + Level 4.5 Axes
 - Level 3.2 Armour
 - Level 3.2 Shields


You had 4 spell levels left.
You didn't know any spells.
Your spell library was empty.

Inventory:

Hand Weapons
 e - a +0 flail
 Y - a +0 war axe (weapon)
Armour
 c - a +0 buckler (worn)
 h - a +0 plate armour (worn)
Potions
 a - a potion of heal wounds {unknown}
 d - a potion of might

Dungeon Overview and Level Annotations

Branches:
Dungeon (3/15)

Altars:

Annotations:
D:2 exclusion: goblin


Message History

You hit the orc wizard. You closely miss something.
You hear some strange, mumbled words.
You are confused.
The orc wizard hits you but does no damage.
The orc hits you but does no damage. Something hits you but does no damage.
The orc wizard completely misses you. The orc hits you but does no damage.
Something hits you but does no damage.
The orc wizard hits you with a +0 dagger.
The orc hits you but does no damage. Something hits you but does no damage.
The orc wizard barely misses you. The orc completely misses you.
Something hits you but does no damage.
The orc wizard hits you but does no damage.
The orc barely misses you. Something hits you but does no damage.
The orc wizard hits you but does no damage.
The orc hits you but does no damage. Something hits you but does no damage.
The orc wizard hits you but does no damage.
The orc hits you but does no damage.
You feel less confused. Something hits you but does no damage.
The orc wizard barely misses you. The orc hits you with a +0 hand axe.
You barely miss the orc.
The orc is severely wounded.
You barely miss something. You barely miss the orc wizard.
Something hits you but does no damage.
The orc wizard gestures at you while chanting.
You resist with some effort. The orc hits you but does no damage.
You hit the orc but do no damage.
The orc is severely wounded.
You barely miss something. You hit the orc wizard.
Something hits you but does no damage.
The orc wizard hits you but does no damage.
The orc hits you but does no damage. Something hits you but does no damage.
The orc hits you but does no damage. The orc wizard casts a spell at you.
The puff of flame hits you!
You die...

#.# #.# #.#
#.# #.#
#######.#
###...o{..#
.....oo@.<#
###.#######


You could see an orc wizard and 2 orcs.

Vanquished Creatures
  2 orc wizards (D:2)
  An adder (D:2)
  A worm (D:2)
  3 orcs
  5 ball pythons
  4 endoplasms
  A giant cockroach (D:1)
  2 hobgoblins
  5 jackals (D:1)
  5 kobolds
  2 quokkas
  2 bats
  4 frilled lizards
  10 goblins
  5 rats (D:1)
52 creatures vanquished.

Notes
Turn   | Place    | Note
-------+----------+-------------------------------------------
     0 | D:1      | qw the Gargoyle Fighter began the quest for the Orb.
     0 | D:1      | Reached XP level 1. HP: 14/14 MP: 1/1
     0 | D:1      | 0 ||| qw: Version: 0.3-a-9-g12657ce
     0 | D:1      | 0 ||| qw: Game counter: 1626
     0 | D:1      | 0 ||| qw: Always use a shield: true
     0 | D:1      | 0 ||| qw: God list: Okawaru
     0 | D:1      | 0 ||| qw: Allow faded altars: false
     0 | D:1      | 0 ||| qw: Do Orc after D:15 true
     0 | D:1      | 0 ||| qw: Do second Lair branch before Depths: true
     0 | D:1      | 0 ||| qw: Lair rune preference: random
     0 | D:1      | 0 ||| qw: Plans: Normal, Zot:1-4, Slime:5, God:TSO, Crypt,
                  | Tomb, Abyss, Pan, Hells, Win
     0 | D:1      | 0 ||| PLANNING D:1-11
   100 | D:1      | 100 ||| Stepping ~*~*~tactically~*~*~ (stealth).
   105 | D:1      | Reached skill level 2 in Axes
   267 | D:1      | Reached XP level 2. HP: 19/19 MP: 2/2
   364 | D:1      | 364 ||| DROPPING +0 club.
   426 | D:1      | 426 ||| Stepping ~*~*~tactically~*~*~ (stealth).
   605 | D:1      | 605 ||| Stepping ~*~*~tactically~*~*~ (stealth).
   670 | D:1      | Reached skill level 3 in Axes
   729 | D:1      | Reached XP level 3. HP: 21/23 MP: 3/3
  1025 | D:1      | 1025 ||| UPGRADING to +0 plate armour.
  1035 | D:1      | 1035 ||| DROPPING +0 scale mail.
  1036 | D:1      | 1036 ||| READING scroll labelled FERINN UNKE.
  1037 | D:1      | 1037 ||| READING scroll labelled YMIYLAPH VAMUNK.
  1040 | D:1      | 1040 ||| READING scroll labelled ZEWIEFI SIUGI.
  1041 | D:1      | 1041 ||| READING scroll labelled OTESSI WEIKKE.
  1329 | D:2      | 1329 ||| Stepping ~*~*~tactically~*~*~ (stealth).
  1344 | D:2      | Reached skill level 4 in Axes
  1344 | D:2      | Reached XP level 4. HP: 17/28 MP: 4/4
  1441 | D:2      | 1441 ||| DROPPING +0 whip.
  1461 | D:2      | 1461 ||| Stepping ~*~*~tactically~*~*~ (stealth).
  1672 | D:2      | Reached XP level 5. HP: 32/32 MP: 5/5
  1676 | D:2      | 1676 ||| Stepping ~*~*~tactically~*~*~ (stealth).
  1679 | D:2      | 1679 ||| READING 2 scrolls labelled YPTIUD YSORA.
  1816 | D:2      | 1816 ||| DROPPING scroll of revelation.
  1884 | D:3      | HP: 6/32 [something (3)]
  1892 | D:3      | HP: 5/32 [orc wizard/+0 dagger (1)]
  1897 | D:3      | HP: 5/32 [orc/+0 hand axe (1)]
  1899 | D:3      | Killed from afar by an orc wizard

Levels and vault maps discovered:
D:1:      zelgadis_glass_arrival_large, layout_loops_corners,
          grunt_decor_fettered, hangedman_decor_points
D:2:      layout_rooms, minmay_goblin_outpost
D:3:      layout_basic, ashenzari_conservatory_becter, minitemple,
          grunt_ministairs_15

Skill      XL: |  1  2  3 |
---------------+----------+-----
Axes           | 2 3 4 |  4.5
Fighting       | |  3.2
Armour         | |  3.2
Shields        | |  3.2

Action                     |  1- 3 |  4- 6 || total
---------------------------+-------+-------++-------
  Melee: War axe           |    94 |    79 ||   173
    Use: Scroll            |     4 |     1 ||     5
 Armour: Scale mail        |    37 |       ||    37
         Plate armour      |    17 |   100 ||   117
  Dodge: Dodged            |    28 |    24 ||    52
  Block: Buckler           |    26 |    13 ||    39

Table legend:
 A = Non-vault XP
 B = Vault XP
 C = Vault XP percentage of total XP
 D = Non-vault monster count
 E = Vault monster count
 F = Vault count percentage of total count
                 A         B        C        D         E       F
            +---------+---------+-------+---------+---------+-------
      Total |     158 |      11 |   6.5 |      46 |       6 |  11.5
            +---------+---------+-------+---------+---------+-------
        D:1 |      40 |       0 |   0.0 |      27 |       0 |   0.0
        D:2 |     115 |      11 |   8.7 |      18 |       6 |  25.0
        D:3 |       3 |       0 |   0.0 |       1 |       0 |   0.0
            +---------+---------+-------+---------+---------+-------
